 Dungeon Crawl Stone Soup version 0.27-a0-972-gd1521fd518 (webtiles) character file.

Game seed: 2426769308966186190

125 mhtbhm the Digger (level 5, -2/29 HPs)
             Began as a Gargoyle Earth Elementalist on Apr 13, 2021.
             Slain by an iguana (9 damage)
             ... on level 4 of the Dungeon.
             The game lasted 00:05:23 (4132 turns).

mhtbhm the Digger (Gargoyle Earth Elementalist)     Turns: 4132, Time: 00:05:23

Health: -2/29      AC:  6    Str: 12    XL:     5   Next: 9%
Magic:  1/9        EV: 12    Int: 16    God:
Gold:   120        SH:  0    Dex: 10    Spells: 3/9 levels left

rFire    . . .     SeeInvis .   a - +0 flail
rCold    . . .     Faith    .   (no shield)
rNeg     + . .     Spirit   .   c - +0 robe
rPois    ∞         Reflect  .   (no helmet)
rElec    +         Harm     .   (no cloak)
rCorr    .         Rampage  .   (no gloves)
Will     .....                  (no boots)
Stlth    ++........             (no amulet)
HPRegen  0.09/turn              (no ring)
MPRegen  0.11/turn              (no ring)

@: no status effects
A: AC +4, negative energy resistance 1, electricity resistance, torment
resistance 1, unbreathing 1, petrification resistance
a: no special abilities


You were on level 4 of the Dungeon.
You visited 1 branch of the dungeon, and saw 4 of its levels.

You collected 120 gold pieces.

Inventory:

Hand Weapons
 a - a +0 flail (weapon)
Missiles
 b - 94 stones
Armour
 c - a +0 robe (worn)
Jewellery
 d - an amulet of faith
Scrolls
 e - 2 scrolls of magic mapping
 j - 2 scrolls of teleportation
 l - a scroll of amnesia {unknown}
Potions
 f - a potion of curing
 g - 2 potions of attraction
 h - a potion of lignification
 i - a potion of brilliance
 k - 2 potions of resistance {unknown}


   Skills:
 + Level 1.0 Fighting
 + Level 2.0 Maces & Flails
 + Level 2.1 Dodging
 + Level 2.6 Stealth
 + Level 2.7 Spellcasting
 + Level 0.7 Transmutations
 + Level 4.6 Earth Magic


You had 3 spell levels left.
You knew the following spells:

 Your Spells              Type           Power      Damage    Failure   Level
a - Sandblast             Erth           34%        2d9       3%          1
b - Passwall              Tmut/Erth      8%         N/A       10%         2
c - Stone Arrow           Conj/Erth      18%        3d8       22%         3

Your spell library contained the following spells:

 Spells                   Type           Power      Damage    Failure   Level
 Petrify                  Tmut/Erth      10%        N/A       54%         4
 Lee's Rapid Deconstruct  Erth           8%         3d8*      63%         5


Dungeon Overview and Level Annotations

Branches:
Dungeon (4/15)
 Temple: D:4-7

Altars:
Wu Jian

Shops:
D:1 *

Annotations:
D:4 Purgy


Innate Abilities, Weirdness & Mutations

Your stone body is resilient. (AC +4)
You are immune to poison.
You resist negative energy. (rN+)
You are resistant to electric shocks. (rElec)
You are resistant to unholy torment.
You can survive without breathing.
You are immune to petrification.


Message History

The blast of sand hits the iguana.
The iguana is heavily wounded.
Purgy the Meek comes into view.
The iguana bites you.
Casting: Sandblast (safe; 3% risk of failure)
Confirm with . or Enter, or press ? or * to list all spells.
Aiming: Sandblast (safe; 3% risk of failure)
Press: ? - help, Shift-Dir - straight line, f/p - iguana
Aim: an iguana (heavily wounded, 18% to evade)
The blast of sand hits the iguana.
The iguana is almost dead.
The iguana bites you but does no damage.
Unknown command.
Casting: Sandblast (safe; 3% risk of failure)
Confirm with . or Enter, or press ? or * to list all spells.
Aiming: Sandblast (safe; 3% risk of failure)
Press: ? - help, Shift-Dir - straight line, f/p - iguana
Aim: an iguana (almost dead, 18% to evade)
The blast of sand hits the iguana but does no damage.
The iguana is almost dead.
The iguana misses you.
Unknown command.
Casting: Sandblast (safe; 3% risk of failure)
Confirm with . or Enter, or press ? or * to list all spells.
Aiming: Sandblast (safe; 3% risk of failure)
Press: ? - help, Shift-Dir - straight line, f/p - iguana
Aim: an iguana (almost dead, 18% to evade)
The blast of sand hits the iguana but does no damage.
The iguana is almost dead.
The iguana bites you.
* * * LOW HITPOINT WARNING * * *
Casting: Sandblast (safe; 3% risk of failure)
Confirm with . or Enter, or press ? or * to list all spells.
Aiming: Sandblast (safe; 3% risk of failure)
Press: ? - help, Shift-Dir - straight line, f/p - iguana
Aim: an iguana (almost dead, 18% to evade)
The blast of sand misses the iguana.
The blast of sand hits Purgy.
Purgy is lightly wounded.
The iguana bites you!
You die...

###..........<.........
.....##.########........
.... #.####............
... #.#....###........
#.#.#### #........ ..#.#
#........ >##.#
#........ #.####.#
#........ #.Tl@..#
##....... ......#####
##[..... #.... #######
...# .. .


You could see Purgy and an iguana.

Vanquished Creatures
  A hound skeleton (D:4)
  4 gnolls (D:2)
  A howler monkey skeleton (D:3)
  An adder (D:3)
  A dart slug (D:2)
  3 endoplasms
  4 giant cockroaches
  4 goblins
  4 hobgoblins
  4 jackals (D:1)
  3 quokkas
  A ball python (D:2)
  7 bats
  5 frilled lizards
  4 kobolds
  7 rats
54 creatures vanquished.

Notes
Turn   | Place    | Note
-------+----------+-------------------------------------------
     0 | D:1      | mhtbhm the Gargoyle Earth Elementalist began the quest for
                  | the Orb.
     0 | D:1      | Reached XP level 1. HP: 10/10 MP: 3/3
   186 | D:1      | Found Laceta's Assorted Antiques.
   475 | D:1      | Reached XP level 2. HP: 3/15 MP: 3/5
   476 | D:1      | Reached skill level 4 in Earth Magic
  2095 | D:2      | Reached XP level 3. HP: 15/19 MP: 6/6
  2222 | D:2      | Reached skill level 1 in Maces & Flails
  2250 | D:2      | Reached XP level 4. HP: 11/24 MP: 0/7
  2528 | D:2      | Found a faded altar of an unknown god.
  2727 | D:2      | Learned a level 2 spell: Passwall
  2731 | D:2      | Learned a level 3 spell: Stone Arrow
  3807 | D:3      | Found an ornate altar of the Wu Jian Council.
  4051 | D:4      | Reached skill level 1 in Fighting
  4051 | D:4      | Reached XP level 5. HP: 25/29 MP: 9/9
  4128 | D:4      | Noticed Purgy
  4132 | D:4      | Slain by an iguana

Illustrated notes

Levels and vault maps discovered:
D:1:      dpeg_arrival_houses_and_road, layout_loops_ring, serial_rivers,
          chequers_serial_rivers_room_a, chequers_serial_rivers_small_b,
          chequers_serial_rivers_micro_c, chequers_serial_rivers_room_b,
          serial_shops, nicolae_shop_stone
D:2:      layout_rooms, ebering_ecumenical_altar_webs
D:3:      layout_basic, nzn_wu_jian_contemplation
D:4:      layout_rooms, yredelemnul_forgotten_temple_becter, temple_hall,
          uniq_menkaure, uniq_sigmund, uniq_purgy

Skill      XL: |  1  2  3  4 |
---------------+-------------+-----
Earth Magic    | 4 |  4.6
Maces & Flails | 1 2 |  2.0
Dodging        | 2 |  2.1
Fighting       | 1 |  1.0
Stealth        | |  2.6
Spellcasting   | |  2.7
Transmutations | |  0.7

Action                   |  1- 3 |  4- 6 || total
-------------------------+-------+-------++-------
Melee: Club              |   103 |       ||   103
       Flail             |       |    59 ||    59
       Whip              |       |     1 ||     1
 Cast: Sandblast         |    21 |    14 ||    35
       Stone Arrow       |       |     1 ||     1
  Use: Scroll            |       |     6 ||     6
 Stab: Sleeping          |     2 |     4 ||     6
Armor: Robe              |    45 |    26 ||    71
Dodge: Dodged            |    79 |    42 ||   121

Table legend: (Time is in decaauts)
 A = Elapsed time spent in this place.
 B = Non-inter-level travel time spent in this place.
 C = Inter-level travel time spent in this place.
 D = Time resting spent in this place.
 E = Time spent auto-exploring this place.
 F = Levels seen in this place.
 G = Mean time per level.
                   A        B        C        D        E       F      G
               +--------+--------+--------+--------+--------+-----+--------+
         Total |   4182 |   4159 |     23 |    895 |   2612 |   4 | 1045.5 |
       Dungeon |   4182 |   4159 |     23 |    895 |   2612 |   4 | 1045.5 |
               +--------+--------+--------+--------+--------+-----+--------+

Top non-repeatable levels by time:
     D:1: 1926 daAuts
     D:3: 1061 daAuts
     D:2: 1020 daAuts
     D:4: 174 daAuts
